 Dungeon Crawl Stone Soup version 0.29.1-2-gbd0b4ee654 (webtiles) character file.

Game seed: 16227123151108326834

14060 leafyfresh the Nimble (level 12, -15/83 HPs)
             Began as a Djinni Ice Elementalist on Nov 15, 2022.
             Was an Elder of Makhleb.
             Demolished by a two-headed ogre simulacrum (27 damage)
             ... in an ice cave.
             The game lasted 00:48:03 (11029 turns).

leafyfresh the Nimble (Djinni Ice Elementalist)    Turns: 11029, Time: 00:48:03

Health: -15/83     AC: 12    Str: 11    XL:     12   Next: 40%
Gold:   559        EV: 16    Int: 21    God:    Makhleb [****..] SH:  0 Dex: 15

rFire   + . .      SeeInvis .   h - +3 scimitar (protect)
rCold   . . .      Faith    .   (no shield)
rNeg    . . .      Spirit   .   v - +5 ring mail of Sloth {Str+4}
rPois   ∞          Reflect  .   f - +0 helmet
rElec   .          Harm     .   (no cloak)
rCorr   .          Rampage  .   s - +0 pair of gloves
Will    +....                   (boots unavailable)
Stlth   +.........              c - amulet of regeneration
HPRegen 1.03/turn               l - ring of wizardry
MPRegen 0.00/turn               r - ring of ice

@: about to teleport, flying
A: sickness immunity, fire resistance 2, cold vulnerability 1, float, innate
caster, HP casting, extra vitality 1
a: Renounce Religion, Minor Destruction, Lesser Servant of Makhleb, Major
Destruction


You were in an ice cave.
You worshipped Makhleb.
Makhleb was greatly pleased with you.
You visited 3 branches of the dungeon, and saw 12 of its levels.
You also visited: Ice Cave.

You collected 559 gold pieces.

Inventory:

Hand Weapons
 h - a +3 scimitar of protection (weapon)
Missiles
 p - 2 throwing nets
Armour
 f - a +0 helmet (worn)
 s - a +0 pair of gloves (worn)
 v - the +5 ring mail of Sloth (worn) {Str+4}
   (You found it on level 6 of the Dungeon)

   Str:       It affects your strength (+4).
 C - a +0 robe of fire resistance
Jewellery
 b - an amulet of the acrobat
 c - an amulet of regeneration (around neck)
 d - a ring of resist corrosion
 l - a ring of wizardry (left hand)
 o - an amulet of faith
 r - a ring of ice (right hand)
 E - a ring of positive energy
Wands
 j - a wand of charming (18)
 w - a wand of polymorph (3)
 y - a wand of flame (6)
 z - a wand of iceblast (6)
 A - a wand of quicksilver (13) (quivered)
Scrolls
 k - 2 scrolls of teleportation
 n - 2 scrolls of immolation
 t - 2 scrolls of poison
Potions
 g - 4 potions of attraction
 i - 2 potions of cancellation
 q - a potion of curing
 x - a potion of invisibility {unknown}
 D - a potion of mutation {unknown}
 F - a potion of ambrosia {unknown}


   Skills:
 - Level 6.1 Fighting
 - Level 13.4 Dodging
 - Level 1.5 Stealth
 - Level 11.1 Spellcasting
 + Level 0.0 Invocations


You had 9 spell levels left.
You knew the following spells:

 Your Spells              Type           Power      Damage    Failure   Level
a - Freeze                Ice            100%       1d11      1%          1
b - Frozen Ramparts       Ice            100%       1d16      1%          3
c - Ozocubu's Armour      Ice            73%        N/A       1%          3
d - Hailstorm             Conj/Ice       73%        3d15      1%          4
e - Apportation           Tloc           100%       N/A       1%          1
f - Searing Ray           Conj           100%       2d8       1%          2
g - Static Discharge      Conj/Air       55%        3-10/arc  1%          2
h - Gell's Gravitas       Tloc           55%        N/A       1%          3
i - Manifold Assault      Tloc           55%        N/A       1%          5
Your spell library was empty.

Dungeon Overview and Level Annotations

Branches:
Dungeon (10/15)            Temple (0/1) D:6            Lair (1/5) D:10
    Orc (1/2) D:9           IceCv (1/1)

Altars:
Ashenzari
Dithmenos
Fedhas
Makhleb
Uskayaw
Yredelemnul

Shops:
D:2 *   D:4 !   D:7 *

Annotations:
IceCv exclusion: ice statue


Innate Abilities, Weirdness & Mutations

You are immune to sickness and miasma.
You are immune to poison.
Your flesh is very heat resistant. (rF++)
You are vulnerable to cold. (rC-)
You float through the air rather than walking.
You learn spells naturally, not from books.
Your magical power is your life essence.
You have superior vitality. (+4 MHP)


Message History

The ice beast is struck by an arc of lightning.
You kill the ice beast!
The ice beast disappears in a puff of smoke!
You are struck by an arc of lightning.
* * * LOW HITPOINT WARNING * * *
x2 You start resting.
Your icy armour starts to melt.
You start resting.
Your icy armour evaporates.
You start resting.
HP restored.
Really fly into a travel-excluded area?
Unknown command.
The ice statue gestures at you. The bolt of cold misses you.
The ice statue gestures at you. The freezing blast engulfs you!!
You are engulfed in freezing vapours.
The ice statue gestures at you. The freezing blast engulfs you!
You are engulfed in freezing vapours.
* * * LOW HITPOINT WARNING * * *
The ice statue glitters chillingly in the dim dungeon light.
You are engulfed in freezing vapours.
* * * LOW HITPOINT WARNING * * *
The ice statue gestures.
You feel better.
Unknown command.
An ufetubus comes into view.
The ufetubus shouts!
An ice devil comes into view.
A two-headed ogre simulacrum and an elephant simulacrum come into view.
Found a dagger of freezing.
A white ugly thing comes into view.
As you read the scroll of teleportation, it crumbles to dust.
You feel strangely unstable.
The two-headed ogre simulacrum hits you.
* * * LOW HITPOINT WARNING * * *
The two-headed ogre simulacrum freezes you!!
You die...

###. ##.. ##... ####
...# ...##### ..## .#
.......## ######Z.##.Z..
........###.#...@.5..u..
.......°○#..Y......##..)
.............#######
...........###
.........### #....#8###
##..#### ##..# #..##


You could see a white ugly thing (wandering), an ice beast (summoned), an
elephant simulacrum, a two-headed ogre simulacrum and an ufetubus.

Vanquished Creatures
  A boulder beetle (D:9)
  A hydra (Lair:1)
  A two-headed ogre (D:8)
  A tengu warrior (D:10)
  Pikel (D:8)
  A deep elf pyromancer (D:10)
  A wolf spider (D:10)
  A manticore (D:10)
  An ice statue (IceCv)
  A black mamba (Lair:1)
  A komodo dragon (Lair:1)
  An ice devil (IceCv)
  A troll (D:10)
  Grinder (D:3)
  A shadow (D:9)
  2 wyverns
  A vampire (D:9)
  17 yaks
  3 basilisks
  A steam dragon (D:9)
  A vampire mosquito (D:10)
  A swamp drake (D:9)
  A water moccasin (D:5)
  4 ice beasts
  A sky beast (D:7)
  6 orc warriors
  3 black bears
  An ogre (D:9)
  6 centaurs
  3 phantoms
  2 lemures (D:8)
  5 kobold brigands
  A gnoll sergeant (D:9)
  4 bullfrogs
  3 necrophages
  2 two-headed ogre simulacra (IceCv)
  A scorpion (D:4)
  11 wights
  4 killer bees (D:7)
  A howler monkey (D:9)
  3 jellies
  A hound (D:7)
  A gnoll bouda (D:5)
  4 orc priests
  5 iguanas
  6 orc wizards
  A wolf simulacrum (IceCv)
  4 gnolls (D:5)
  7 adders
  A shadow imp (D:8)
  3 white imps
  2 ufetubi
  5 worms
  A dart slug (D:2)
  34 orcs
  12 endoplasms
  2 giant cockroaches
  5 goblins
  9 hobgoblins
  12 jackals
  20 kobolds
  4 quokkas (D:1)
  11 ball pythons
  3 bats
  3 frilled lizards
  3 rats
262 creatures vanquished.

Vanquished Creatures (others)
  10 fungi (D:10)
  5 plants
15 creatures vanquished.

Grand Total: 277 creatures vanquished

Notes
Turn   | Place    | Note
-------+----------+-------------------------------------------
     0 | D:1      | leafyfresh the Djinni Ice Elementalist began the quest for
                  | the Orb.
     0 | D:1      | leafyfresh set off with the following spells memorised:
                  | Freeze, Frozen Ramparts, Ozocubu's Armour, Hailstorm.
     0 | D:1      | Reached XP level 1. HP: 15/15 MP: 0/0
   425 | D:1      | Reached XP level 2. HP: 12/21 MP: 0/0
  1106 | D:1      | Reached XP level 3. HP: 20/25 MP: 0/0
  1106 | D:1      | Learned a level 1 spell: Apportation
  1108 | D:1      | Reached skill level 3 in Dodging
  1632 | D:2      | Found Vuised's Assorted Antiques.
  1869 | D:2      | Reached XP level 4. HP: 16/31 MP: 0/0
  2544 | D:3      | Noticed Grinder
  2561 | D:3      | Paralysed by Grinder for 3 turns
  2671 | D:3      | Noticed an ice beast
  2686 | D:3      | Killed an ice beast
  2687 | D:3      | Reached skill level 4 in Dodging
  2687 | D:3      | Reached XP level 5. HP: 35/35 MP: 0/0
  2687 | D:3      | Learned a level 2 spell: Searing Ray
  2766 | D:3      | Found a faded altar of an unknown god.
  2774 | D:3      | Reached XP level 6. HP: 40/40 MP: 0/0
  3170 | D:3      | Paralysed by Grinder for 4 turns
  3177 | D:3      | Killed Grinder
  3178 | D:3      | Reached skill level 5 in Dodging
  3178 | D:3      | Reached XP level 7. HP: 20/45 MP: 0/0
  3178 | D:3      | Learned a level 2 spell: Static Discharge
  3554 | D:4      | Reached skill level 5 in Spellcasting
  3768 | D:4      | Found a burning altar of Makhleb.
  3781 | D:4      | Reached skill level 6 in Dodging
  3781 | D:4      | Found a broken altar of Ashenzari.
  3926 | D:4      | Became a worshipper of Makhleb the Destroyer
  3996 | D:4      | Found Tesakif's Distillery.
  4333 | D:5      | Entered Level 5 of the Dungeon
  4379 | D:5      | Noticed a water moccasin
  4386 | D:5      | Killed a water moccasin
  4387 | D:5      | Reached skill level 1 in Fighting
  4387 | D:5      | Reached XP level 8. HP: 48/52 MP: 0/0
  4618 | D:5      | Reached * piety under Makhleb
  5538 | D:6      | Reached XP level 9. HP: 34/64 MP: 0/0
  5538 | D:6      | Learned a level 3 spell: Gell's Gravitas
  5628 | D:6      | Reached skill level 5 in Fighting
  5808 | D:6      | Identified the +5 ring mail of Sloth {Str+4}
  5820 | D:6      | Found a staircase to the Ecumenical Temple.
  6573 | D:7      | Found a hide-covered altar of Uskayaw.
  6665 | D:7      | Found Haomob's General Store.
  6711 | D:7      | Reached ** piety under Makhleb
  6897 | D:7      | Reached skill level 7 in Dodging
  7224 | D:8      | Noticed a two-headed ogre
  7234 | D:8      | Killed a two-headed ogre
  7235 | D:8      | Reached skill level 8 in Dodging
  7235 | D:8      | Reached XP level 10. HP: 53/72 MP: 0/0
  7450 | D:8      | Noticed Pikel
  7456 | D:8      | Killed Pikel
  7457 | D:8      | Reached skill level 9 in Dodging
  8257 | D:9      | Noticed a boulder beetle
  8416 | D:9      | Reached skill level 10 in Dodging
  8421 | D:9      | Reached *** piety under Makhleb
  8470 | D:9      | Found a staircase to the Orcish Mines.
  8491 | D:9      | Reached XP level 11. HP: 52/76 MP: 0/0
  8491 | D:9      | Learned a level 5 spell: Manifold Assault
  8645 | D:9      | Found a shadowy altar of Dithmenos.
  8660 | D:9      | Reached skill level 11 in Dodging
  9183 | D:9      | Found a basalt altar of Yredelemnul.
  9222 | D:10     | Entered Level 10 of the Dungeon
  9222 | D:10     | Found a staircase to the Lair.
  9255 | D:10     | Noticed a manticore
  9255 | D:10     | Noticed a centaur warrior
  9255 | D:10     | Noticed a skeletal warrior
  9255 | D:10     | Noticed an ogre mage
  9255 | D:10     | Noticed a manticore
  9657 | D:9      | Killed a boulder beetle
  9658 | D:9      | Reached skill level 10 in Spellcasting
  9731 | Orc:1    | Entered Level 1 of the Orcish Mines
  9731 | Orc:1    | Noticed an orc knight
  9731 | Orc:1    | Noticed an orc sorcerer
  9926 | D:10     | Noticed a deep elf pyromancer
 10007 | D:10     | Noticed a wolf spider
 10019 | D:10     | Reached **** piety under Makhleb
 10019 | D:10     | Killed a wolf spider
 10082 | D:10     | Killed a manticore
 10083 | D:10     | Reached skill level 12 in Dodging
 10091 | D:10     | Found a blossoming altar of Fedhas.
 10109 | D:10     | Killed a deep elf pyromancer
 10201 | D:10     | Noticed a tengu warrior
 10227 | D:10     | Killed a tengu warrior
 10228 | D:10     | Reached XP level 12. HP: 41/83 MP: 0/0
 10383 | Lair:1   | Entered Level 1 of the Lair of Beasts
 10421 | Lair:1   | Noticed a seven-headed hydra
 10430 | Lair:1   | Killed an eight-headed hydra
 10446 | Lair:1   | Found a frozen archway.
 10456 | Lair:1   | Reached skill level 13 in Dodging
 10469 | IceCv    | Entered an ice cave
 11024 | IceCv    | HP: 2/83 [ice statue] (16)]
 11029 | IceCv    | Demolished by a two-headed ogre simulacrum

Illustrated notes

Levels and vault maps discovered:
D:1:      minmay_arrival_plants_in_alcoves, layout_basic
D:2:      wander_river, layout_loops_corners, serial_shops, nicolae_shop_trees
D:3:      layout_basic, basic_ecumenical_altar, uniq_grinder
D:4:      layout_cave_pools, chequers_temple_overflow_statue_of_worship,
          cheibrodos_sewer_entry_bend, serial_shops, kennysheep_little_box
D:5:      minmay_inner_zag, layout_loops_corners
D:6:      layout_basic, lemuel_temple_firewalk_b
D:7:      layout_loops_ring, overflow_temple_1_default, serial_shops, shop
D:8:      layout_basic, minmay_misc_feat_room, nrook_loot_triangle, uniq_pikel
D:9:      layout_loops_ring, led_sif_pool, mainiacjoe_overflow_cross_hatched,
          gammafunk_temple_overflow_statue, erik_orc_1,
          small_statue_intersection, grunt_decor_junction, st_stairs_3,
          minmay_circle_x
D:10:     minmay_the_grid_octo_triangle [minmay_the_grid_octo_checkered,
          minmay_the_grid_octo_prize_square_snowflake, minmay_the_grid_octo_77],
          layout_basic, fedhas_altar_3, lair_entry_dummy, minmay_quadrilaterals,
          uniq_lodul
Lair:1:   layout_cave_pods, portal_ice_cave_entry_pillars_2, serial_bayou_pond_d
Orc:1:    layout_diamond_mine, enter_volcano_3, basic_altar
IceCv:    ice_cave_small_demon

Skill      XL: |  1  2  3  4  5  6  7  8  9 10 11 12 |
---------------+-------------------------------------+-----
Dodging        | 3 4 5 6 8 10 12 13 | 13.4
Spellcasting   | 4 5 6 8 9 10 11 | 11.1
Fighting       | 1 4 6 |  6.1
Stealth        | |  1.5

Action                   |  1- 3 |  4- 6 |  7- 9 | 10-12 || total
-------------------------+-------+-------+-------+-------++-------
Melee: Unarmed           |     8 |       |       |       ||     8
       Scimitar          |    18 |    74 |    72 |    87 ||   251
       Punch             |       |     1 |       |     1 ||     2
 Cast: Freeze            |    45 |    16 |    13 |    17 ||    91
       Frozen Ramparts   |     3 |    10 |    39 |    39 ||    91
       Ozocubu's Armour  |     1 |     2 |    20 |    37 ||    60
       Hailstorm         |       |       |    14 |    49 ||    63
       Searing Ray       |       |       |    43 |    88 ||   131
       Static Discharge  |       |       |    18 |    30 ||    48
       Manifold Assault  |       |       |       |    17 ||    17
Evoke: Wand              |       |       |       |     6 ||     6
  Use: Scroll            |       |     9 |     5 |     9 ||    23
       Potion            |       |     3 |     1 |     4 ||     8
 Stab: Sleeping          |     1 |     2 |     1 |       ||     4
       Distracted        |       |       |     1 |       ||     1
Armor: Robe              |    16 |    21 |    19 |     2 ||    58
       Skin              |       |    14 |       |       ||    14
       Ring mail         |       |       |       |    80 ||    80
Dodge: Dodged            |    64 |    61 |    82 |   148 ||   355
